 Dungeon Crawl Stone Soup version 0.27.1-15-g792fb953b9 (webtiles) character file.

Game seed: 9608028624785276712

21 Araneus the Skirmisher (level 2, -4/24 HPs)
             Began as a Demonspawn Fighter on Nov 20, 2021.
             Slain by a gnoll (8 damage)
             ... on level 2 of the Dungeon.
             The game lasted 00:01:22 (675 turns).

Araneus the Skirmisher (Demonspawn Fighter)          Turns: 675, Time: 00:01:22

Health: -4/24      AC:  7    Str: 16    XL:     2   Next: 62%
Magic:  2/2        EV:  6    Int:  9    God:
Gold:   53         SH:  8    Dex: 12    Spells: 1/1 levels left

rFire    . . .     SeeInvis .   a - +0 flail
rCold    . . .     Faith    .   c - +0 kite shield
rNeg     . . .     Spirit   .   b - +0 scale mail
rPois    .         Reflect  .   (no helmet)
rElec    .         Harm     .   (no cloak)
rCorr    .         Rampage  .   (no gloves)
Will     .....                  l - +0 pair of boots
Stlth    ..........             (no amulet)
HPRegen  0.08/turn              (no ring)
MPRegen  0.08/turn              (no ring)

@: no status effects
A: powered by pain 1
a: no special abilities


You were on level 2 of the Dungeon.
You visited 1 branch of the dungeon, and saw 2 of its levels.

You collected 53 gold pieces.

Inventory:

Hand Weapons
 a - a +0 flail (weapon)
Missiles
 e - 12 poisoned darts (quivered)
Armour
 b - a +0 scale mail (worn)
 c - a +0 kite shield (worn)
 l - a +0 pair of boots (worn)
Scrolls
 g - 3 scrolls of identify {unknown}
 h - a scroll of noise {unknown}
 j - a scroll of amnesia {unknown}
 m - a scroll of torment {unknown}
Potions
 d - a potion of might
 f - a potion of degeneration {unknown}
 i - a potion of lignification {unknown}
 k - a potion of cancellation {unknown}


   Skills:
 - Level 3.0 Fighting
 + Level 3.0 Maces & Flails
 - Level 2.6 Armour
 - Level 2.6 Shields


You had one spell level left.
You didn't know any spells.
Your spell library was empty.

Dungeon Overview and Level Annotations

Branches:
Dungeon (2/15)

Altars:


Innate Abilities, Weirdness & Mutations

You sometimes gain a little power by taking damage.


Message History

A gnoll comes into view. It is wielding a +0 spear.
The gnoll shouts!
A gnoll comes into view. It is wielding a +0 spear.
The gnoll shouts!
A goblin comes into view. It is wielding a +0 club.
You block the gnoll's attack.
You barely miss the gnoll.
The goblin shouts!
You hear a shout!
The gnoll hits you from afar with a +0 spear.
You block the gnoll's attack. The gnoll barely misses you.
You barely miss the gnoll. The gnoll hits you with a +0 spear.
You block the gnoll's attack.
A gnoll comes into view. It is wielding a +0 club.
You closely miss the gnoll. You block the gnoll's attack. x2
The gnoll hits you from afar with a +0 spear.
A kobold comes into view. It is wielding a +0 club.
You barely miss the gnoll.
The gnoll hits you from afar with a +0 spear.
The gnoll hits you with a +0 spear.
You closely miss the gnoll. The gnoll hits you but does no damage.
The gnoll hits you with a +0 spear.
You hit the gnoll.
The gnoll is heavily wounded.
The gnoll closely misses you.
You hit the gnoll.
The gnoll is heavily wounded.
You block the gnoll's attack. The gnoll hits you but does no damage.
You closely miss the gnoll.
The gnoll is heavily wounded.
The gnoll hits you from afar with a +0 spear. x2
* * * LOW HITPOINT WARNING * * *
You hit the gnoll.
The gnoll is severely wounded.
The gnoll hits you with a +0 club.
* * * LOW HITPOINT WARNING * * *
The gnoll hits you but does no damage. You block the gnoll's attack.
You hit the gnoll.
You kill the gnoll!
The gnoll hits you from afar with a +0 spear!
You die... #.. #. ... #. .... .. ...#. ..#. #Kg

# #g## #.. .# ## #)## ..# .#
.# #.# ##@##+##.# #.# .# #.#
##.##...#.###.###.#
##.###.##..............##
##.#.#.##.......###.##.##.
###...#.##.........##.#...#.
.........'.....†...'........
#.#...####.........#.#..)...
##.# ##.......##...#.##. ##
##.....##########.


You could see a gnoll, a goblin and a kobold.

Vanquished Creatures
  A gnoll (D:2)
  A dart slug (D:1)
  3 endoplasms (D:1)
  A giant cockroach (D:1)
  3 goblins (D:1)
  A hobgoblin (D:1)
  2 kobolds
  A quokka (D:2)
  A ball python (D:1)
  2 bats (D:1)
  A frilled lizard (D:1)
  A rat (D:1)
18 creatures vanquished.

Notes
Turn   | Place    | Note
-------+----------+-------------------------------------------
     0 | D:1      | Araneus the Demonspawn Fighter began the quest for the Orb.
     0 | D:1      | Reached XP level 1. HP: 18/18 MP: 1/1
   182 | D:1      | Gained mutation: You sometimes gain a little power by
                  | taking damage. [demonic ancestry]
   182 | D:1      | Reached XP level 2. HP: 24/24 MP: 2/2
   675 | D:2      | Slain by a gnoll

Illustrated notes

Levels and vault maps discovered:
D:1:      lemuel_arrival_lava_pool, layout_basic
D:2:      layout_loops_corners

Skill      XL: |  1  2 |
---------------+-------+-----
Maces & Flails | 2 3 |  3.0
Fighting       | |  3.0
Armour         | |  2.6
Shields        | |  2.6

Action                   || total
-------------------------++-------
Melee: Flail             ||    45
Armor: Scale mail        ||    18
Dodge: Dodged            ||    10
Block: Kite shield       ||    18
